 Dungeon Crawl Stone Soup version 0.27-a0-887-gcab673c142 (webtiles) character file.

Game seed: 15827008221983935968

18 shoop the Stinger (level 2, 20/20 HPs)
             Began as a Demigod Venom Mage on Apr 3, 2021.
             Got out of the dungeon alive.
             The game lasted 00:02:04 (845 turns).

shoop the Stinger (Demigod Venom Mage)               Turns: 845, Time: 00:02:04

Health: 20/20      AC:  2    Str:  9    XL:     2   Next: 36%
Magic:  7/7        EV: 12    Int: 17    God:
Gold:   0          SH:  0    Dex: 14    Spells: 4/5 levels left

rFire    . . .     SeeInvis .   c - +0 short sword
rCold    . . .     Faith    .   (no shield)
rNeg     . . .     Spirit   .   a - +0 robe
rPois    .         Reflect  .   (no helmet)
rElec    .         Harm     .   (no cloak)
rCorr    .         Rampage  .   (no gloves)
Will     .....                  (no boots)
Stlth    ++........             (no amulet)
HPRegen  0.06/turn              (no ring)
MPRegen  0.10/turn              (no ring)

@: no status effects
A: high mp 1, forlorn
a: no special abilities


You escaped.
You visited 1 branch of the dungeon, and saw 1 of its levels.

Inventory:

Hand Weapons
 c - a +0 short sword (weapon)
Armour
 a - a +0 robe (worn)
Scrolls
 b - a scroll of identify {unknown}


   Skills:
 - Level 2.0 Dodging
 - Level 2.0 Stealth
 - Level 2.0 Spellcasting
 - Level 1.0 Transmutations
 + Level 3.1 Poison Magic


You had 4 spell levels left.
You knew the following spells:

 Your Spells              Type           Power      Damage    Failure   Level
a - Sting                 Tmut/Pois      32%        1d4       9%          1

Your spell library contained the following spells:

 Spells                   Type           Power      Damage    Failure   Level
 Poisonous Vapours        Pois/Air       14%        N/A       16%         2
 Ignite Poison            Fire/Tmut/Pois 6%         N/A       32%         3
 Mephitic Cloud           Conj/Pois/Air  5%         N/A       36%         3
 Olgreb's Toxic Radiance  Pois           12%        N/A       45%         4


Dungeon Overview and Level Annotations

Branches:
Dungeon (1/15)


Innate Abilities, Weirdness & Mutations

Your attributes grow dramatically as you level up.
You have an increased reservoir of magic. (+10% MP)
You shall have no god before yourself.


Message History

Aim: a kobold, wielding a +0 dagger and quivering stones (40% to evade)
The sting hits the kobold.
The kobold is poisoned.
You kill the kobold!
Things that are here:
a +0 dagger; 3 stones; a kobold corpse
Things that are here:
a +0 dagger; 3 stones; a kobold corpse
There is a stone staircase leading down here.
Found a leather armour.
Found a hunting sling.
Found a hunting sling.
There is a stone staircase leading down here.
Found a hand axe.
A bat comes into view.
Found a coppery potion.
You see here a +0 hand axe.
Casting: Sting (safe; 9% risk of failure)
Confirm with . or Enter, or press ? or * to list all spells.
Aiming: Sting (safe; 9% risk of failure)
Press: ? - help, Shift-Dir - straight line, f - bat
Aim: a bat (asleep, 0% to evade)
The sting hits the bat.
The bat is poisoned.
The bat is moderately wounded.
The bat hits you.
You miss the bat.
The bat is moderately wounded.
The bat hits you but does no damage.
You completely miss the bat.
The bat is moderately wounded.
The bat hits you but does no damage. x2
You hit the bat but do no damage.
The bat is moderately wounded.
You kill the bat!
No target in view!
No target in view!
You see here a bat corpse.
You see here a +0 hand axe.
There is a staircase leading out of the dungeon here.
Are you sure you want to leave the Dungeon?
This will make you lose the game!
You have escaped!

#.............#...# #
#.#####.#####.#...###)..
#.#;≈≈#.#≈≈≈#.#.(......[
#.#≈≈;#.#≈≈≈#.#...####..
#.#≈≈≈#.#≈≈≈#.#..>......
#.#####.#####.###.##)...
#.............# #.....##
#.8.#######.8.# ###...##
#......@......#####.....
###############....).##.
#.####.##+ .........!.
....####.†. .. #... #...
#... ###.


There were no monsters in sight!

Vanquished Creatures
  2 ball pythons (D:1)
  An endoplasm (D:1)
  A hobgoblin (D:1)
  7 quokkas (D:1)
  A bat (D:1)
  A frilled lizard (D:1)
  2 kobolds (D:1)
  A rat (D:1)
16 creatures vanquished.

Notes
Turn   | Place    | Note
-------+----------+-------------------------------------------
     0 | D:1      | shoop the Demigod Venom Mage began the quest for the Orb.
     0 | D:1      | Reached XP level 1. HP: 14/14 MP: 5/5
     3 | D:1      | Noticed an electric eel
     4 | D:1      | Noticed an electric eel
   168 | D:1      | Reached skill level 1 in Transmutations
   494 | D:1      | Reached XP level 2. HP: 20/20 MP: 5/7
   528 | D:1      | Reached skill level 3 in Poison Magic
   845 | D:$      | Got out of the dungeon alive.

Illustrated notes

Levels and vault maps discovered:
D:1:      arrival_aquarium_b, layout_basic, shapermc_ecumenical_altar_gd,
          chequers_serial_rivers_room_a

Skill      XL: |  1  2 |
---------------+-------+-----
Transmutations | 1 |  1.0
Spellcasting   | 2 |  2.0
Stealth        | 2 |  2.0
Dodging        | 2 |  2.0
Poison Magic   | 3 |  3.1

Action                   || total
-------------------------++-------
Melee: Unarmed           ||    17
       Short sword       ||     4
 Cast: Sting             ||    21
Armor: Robe              ||     4
Dodge: Dodged            ||    14

Table legend: (Time is in decaauts)
 A = Elapsed time spent in this place.
 B = Non-inter-level travel time spent in this place.
 C = Inter-level travel time spent in this place.
 D = Time resting spent in this place.
 E = Time spent auto-exploring this place.
 F = Levels seen in this place.
 G = Mean time per level.
                   A        B        C        D        E       F      G
               +--------+--------+--------+--------+--------+-----+--------+
         Total |    844 |    806 |     38 |      3 |    685 |   1 |  844.0 |
       Dungeon |    844 |    806 |     38 |      3 |    685 |   1 |  844.0 |
               +--------+--------+--------+--------+--------+-----+--------+

Top non-repeatable levels by time:
     D:1: 844 daAuts
